woodfighter, neutral male sylph Priest ------------ |...........####`##### ----- |>.........|#####`#################` |...| |..........-# #q |...| |.)....----- @ |...| |......| -------%- #-...| |......| |.......| ###---.- -.-.---- |....)..| # # ### |.{....<-############# # ### ----.---- # ### # ## ### ### ---.- ### # |...| ##### ######################### |...| -----+---.--- #------------.-- #-...| |..)........-#######|.....`........# `############|...| |...........| ##|.....*.......| |...| |............#######...............####### ----- ------------- --------------- woodfighter the Priest Experience level: 13 Strength: 14 Dexterity: 18 Constitution: 18 Intelligence: 18 Wisdom: 11 Charisma: 11 Health: 0(88) Energy: 146(146) Def: 8 Gold: 0 Moves: 19774 Dungeon seed: 7ka2HtbzJSp5tVbo Game ID: woodfighter_1601483883 Your Inventory: Amulets T - an amulet of reflection (being worn) Weapons a - a blessed +1 mace (weapon in hand) J - 26 +0 darts (in quiver) Armor n - a +0 small shield (being worn) q - a +0 pair of water walking boots r - a +0 pair of leather gloves V - a burnt +0 cloak of protection (being worn) Comestibles Z - a lizard corpse Scrolls K - a scroll of enchant weapon Rings k - a blessed +1 ring of gain constitution Wands d - a wand of lightning (0:5) f - a wand of digging (0:6) u - a wand of speed monster (0:6) Tools b - a stethoscope s - a bag of holding y - a skeleton key G - a +0 pick-axe W - a towel Gems e - a blessed luckstone z - a chrysoberyl N - 3 amethysts Contents of the bag of holding: 20164 gold pieces a [rustproof] [+0] long sword named Vorpal Blade a [+0] mummy wrapping a cursed [-1] pair of levitation boots a K-ration a eucalyptus leaf 2 sprigs of wolfsbane a scroll of charging a scroll of create monster a scroll of light a scroll of remove curse a cursed scroll of remove curse a scroll of scare monster a blessed scroll of teleportation 3 scrolls of teleportation a cursed scroll of teleportation a blessed scroll of water a scroll of water a blessed potion of fruit juice 2 potions of full healing a cursed potion of gain energy a potion of hallucination a potion of healing a potion of invisibility a potion of levitation a cursed potion of object detection a blessed potion of restore ability a blessed potion of see invisible a potion of see invisible a potion of speed a potion of water a cursed [-2] ring of adornment a ring of cold resistance a ring of invisibility a ring of levitation a wand of create monster [0:14] a wand of light [0:11] a wand of make invisible [0:3] a wand of polymorph [0:6] a wand of probing [0:3] a wand of secret door detection [0:14] a wand of speed monster (0:0) a magic flute [0:8] Spells and supernatural/magical abilities: Name Level Category Fail Memory l - light 1 divination 0% 2% x - extra healing 3 healing 68% 2% B - cure blindness 2 healing 0% 2% W - pray for help -- divine ? -- X - turn undead -- divine ? -- Your skills at the end: Miscellaneous Skills shield [Skilled] wands [Basic] Weapon Skills mace [Expert] dart [Basic] Spellcasting Skills clerical spells [Basic] Final Attributes: You were piously aligned. You saw invisible. You had infravision. You were invisible to others. You were displaced. You were very stealthy. You were protected. You were protected from shape changers. You had reflection. You were extremely lucky. You had extra luck. Good luck did not time out for you. You are dead. Vanquished creatures: a clay golem 4 giant mimics 6 large mimics 3 stalkers a fire elemental 7 hill giants a giant zombie 2 sergeants 2 wargs 2 quantum mechanics 3 small mimics a warhorse a xan 2 ogre lords a pyrolisk 2 freezing spheres 2 flaming spheres a shocking sphere a tengu a gelatinous cube an ochre jelly a crocodile a chameleon a leocrotta 6 giants 3 red nagas 4 Grey-elves a pit viper a wraith an ettin zombie a cockatrice 3 gremlins 50 leprechauns 3 quivering blobs a lizard a mountain nymph a mumak 2 giant spiders a scorpion an iron piercer a vampire bat 2 forest centaurs 2 gnome kings an orc mummy a dwarf mummy a Green-elf a rust monster 3 owlbears 3 yetis 2 dogs a housecat 2 jaguars 2 dwarf lords a dust vortex an ape 5 human zombies a soldier ant a fire ant 8 yellow lights 14 bugbears 2 wood nymphs 16 Uruk-hai an orc shaman 6 rock piercers 2 ponies 4 fog clouds a shrieker a violet fungus 11 gnome lords 6 gnomish wizards 2 kobold mummies a red naga hatchling 2 golden naga hatchlings 2 guardian naga hatchlings 2 gray oozes 2 barrow wights 3 elf zombies 2 straw golems 3 paper golems 2 giant ants a puppy 3 floating eyes 2 kittens 17 dwarves 4 homunculi 2 kobold lords 3 kobold shamans 4 iguanas 2 hill orcs 8 rothes a rabid rat a centipede 5 jitterbugs 2 giant bats 8 dwarf zombies 2 wererats 7 killer bees 2 coyotes 4 hobbits 2 large kobolds 6 geckos 18 hobgoblins 3 giant rats 5 cave spiders 2 brown molds 3 yellow molds 35 gnomes 5 garter snakes a gnome zombie 13 jackals 5 kobolds 15 newts 3 goblins 3 sewer rats 27 grid bugs a bat 10 lichens 6 kobold zombies 493 creatures vanquished. Voluntary challenges: You were vegetarian. You had followed a strict vegan diet until turn 2799. You did not cause conflict. You were not invisible. You did not have reflection until turn 13157. You had been an atheist until turn 7691. You used a wielded weapon 1296 times, starting on turn 62. You did not apply a unicorn horn. You did not use plumbed fixtures. You did not drink any magical draughts. You were illiterate. You never genocided any monsters. You never polymorphed an object. You never changed form. You completed Sokoban on turn 5378, according to the rules. You used no wishes. You never split a pudding. You never wrote Elbereth's name. You never violated your personal moral code. Dungeon overview: The Dungeons of Doom: levels 1 to 16 Level 1 ( ) a fountain a long staircase Level 2 (water) some fountains Level 3 a general store Level 4 (water + vault + box) a general store, a fountain stairs to The Gnomish Mines Level 5 many fountains Level 6 a fountain, a sink stairs to Sokoban Level 7 a general store, a fountain Level 8 some fountains Level 9 Level 10 <- You were here a fountain Level 11 (leprechauns) portal to The Quest Level 12 Level 13 a throne Level 14 an altar to Mog, some fountains Level 15 (water) Level 16 The Gnomish Mines: levels 5 to 12 Level 5 stairs to The Dungeons of Doom Level 6 Level 7 Level 8 many shops, a temple to Kos, a magic chest, some fountains Level 9 Level 10 Level 11 Level 12 a magic chest, a fountain The Quest: Level 1 portal to The Dungeons of Doom Sokoban: levels 2 to 5 Level 2 a magic chest Level 3 Level 4 Level 5 (gray u) a magic chest stairs to The Dungeons of Doom History has recorded: On T:1 you entered the Dungeons of Doom to retrieve the Amulet of Yendor! On T:35 you reached level 2 of The Dungeons of Doom. On T:407 you reached level 3 of The Dungeons of Doom. On T:934 you reached level 4 of The Dungeons of Doom. On T:997 you advanced to experience level 2. On T:1312 you reached level 1 of The Gnomish Mines. On T:1315 you reached level 2 of The Gnomish Mines. On T:1356 you reached level 5 of The Dungeons of Doom. On T:1396 you advanced to experience level 3. On T:1415 you reached level 6 of The Dungeons of Doom. On T:1470 you advanced to experience level 4. On T:2289 you advanced to experience level 5. On T:2429 you reached level 7 of The Dungeons of Doom. On T:2479 you reached level 4 of Sokoban. On T:2556 you opened a magic chest. On T:2848 you reached level 3 of Sokoban. On T:3322 you advanced to experience level 6. On T:3697 you reached level 2 of Sokoban. On T:4151 you reached level 1 of Sokoban. On T:5378 you advanced to experience level 7. On T:5378 you entered the Sokoban zoo. On T:6340 you reached level 3 of The Gnomish Mines. On T:6669 you reached level 4 of The Gnomish Mines. On T:7208 you entered the Minetown temple On T:7210 you advanced to experience level 8. On T:7560 you reached level 5 of The Gnomish Mines. On T:7691 you prayed to Mog. On T:8636 you reached level 6 of The Gnomish Mines. On T:8738 you advanced to experience level 9. On T:9186 you reached level 7 of The Gnomish Mines. On T:9957 you advanced to experience level 11. On T:10307 you reached level 8 of The Gnomish Mines. On T:10307 you reached the bottom of the Mines. On T:13368 you reached level 8 of The Dungeons of Doom. On T:14317 you reached level 9 of The Dungeons of Doom. On T:14915 you reached level 10 of The Dungeons of Doom. On T:15271 you reached level 11 of The Dungeons of Doom. On T:15752 you reached level 12 of The Dungeons of Doom. On T:16446 you reached level 1 of The Quest. On T:16886 you reached level 13 of The Dungeons of Doom. On T:17046 you reached level 14 of The Dungeons of Doom. On T:17548 you received Vorpal Blade from Mog. On T:17929 you reached level 15 of The Dungeons of Doom. On T:18915 you reached level 16 of The Dungeons of Doom. On T:18915 you entered the Rogue tribute level. Score breakdown: Gold: 20164 ( 2000 points) Experience: 13 levels ( 1200 points) Exploration: 16 levels ( 450 points) Discoveries: 76 items ( 2000 points) Variety of kills: 118 monsters ( 2000 points) Major goal: Sokoban/Mines ( 1500 points) Survival: died (score multiplied by 3) Total score: 27450 Latest messages: You are now wielding your pick-axe. You start digging. You hit the rock with all your might. You succeed in cutting away some rock. The leocrotta claws you! The leocrotta bites! The leocrotta claws you! You are now wielding your mace. The leocrotta claws you! The leocrotta misses. The leocrotta claws you! You are beginning to feel hungry. You hit the leocrotta! The leocrotta just misses! The leocrotta bites! The leocrotta claws you! (2x) The leocrotta misses. The leocrotta just misses! You hit the leocrotta! The leocrotta misses. (3x) You hit the leocrotta! The leocrotta claws you! The leocrotta bites! The leocrotta claws you! (2x) You die... Final status: Goodbye woodfighter the Priest, killed by a leocrotta... You died in The Dungeons of Doom on dungeon level 10 with 27450 points, and 20164 pieces of gold, after 19774 moves. You were level 13 with a maximum of 88 hit points when you died.